 Dungeon Crawl Stone Soup version 0.31-a0-155-gb63f529262 (webtiles) character file.

Game seed: 16960540244386825837

395 GabrielManson the Changer (level 6, -2/37 (38) HPs)
             Began as an Octopode Transmuter on June 12, 2023.
             Slain by a wight
             ... wielding a +1 war axe
              (4 damage)
             ... on level 4 of the Dungeon.
             The game lasted 00:12:48 (3659 turns).

GabrielManson the Changer (Octopode Transmuter)     Turns: 3659, Time: 00:12:49

HP:   -2/37 (38)    AC:  2    Str: 10    XL:     6   Next: 82%
MP:   5/9           EV: 19    Int: 15    God:
Gold: 173           SH:  0    Dex: 19    Spells: 4/10 levels left

rFire   . .          .
                       - Unarmed
rCold   + . .        (shield currently unavailable)
rNeg    . . .        (helmet currently unavailable)
rPois   x            (no amulet)
rElec   .            i - ring of see invisible
rCorr   .            p - ring of protection from cold
SInv    +            (no ring)
Will    .....        (no ring)
Stlth   ++           (no ring)
HPRegen 0.26/turn    (no ring)
MPRegen 0.11/turn    (no ring)
                     (no ring)

%: no passive effects
@: spider-form, lightly drained
A: venomous fangs, almost no armour, (amphibious), 8 rings, tiny, (camouflage
1), (gelatinous body 1), (nimble swimmer 1), (tentacles)
a: End Transformation


You were on level 4 of the Dungeon.
You were a venomous arachnid creature.
You visited 1 branch of the dungeon, and saw 4 of its levels.

You collected 173 gold pieces.

Inventory:

Missiles
 e - 10 poisoned darts
 l - 3 curare-tipped darts
 o - 2 boomerangs of dispersal
Jewellery
 i - a ring of see invisible (left front pincers)
 p - a ring of protection from cold (right front pincers)
Scrolls
 c - 2 scrolls of fog {unknown}
 d - a scroll of torment {unknown}
 g - 2 scrolls of immolation
 h - 4 scrolls of identify {unknown}
 j - a scroll of magic mapping {unknown}
 k - 2 scrolls of vulnerability {unknown}
 n - 2 scrolls of fear {unknown}
Potions
 a - a potion of lignification
 b - 2 potions of mutation {unknown}
 f - 2 potions of curing {unknown}
 m - 3 potions of enlightenment {unknown}
 q - a potion of might {unknown}


   Skills:
 - Level 1.1 Fighting
 - Level 2.1 Dodging
 - Level 1.1 Stealth
 - Level 4.1 Unarmed Combat
 - Level 2.5 Spellcasting
 + Level 4.5 Transmutations
 + Level 4.3 Poison Magic


You had 4 spell levels left.
You knew the following spells:

 Your Spells              Type           Power      Damage    Failure   Level
a - Beastly Appendage     Tmut           30%        N/A       11%         1
b - Wereblood             Tmut           15%        N/A       14%         2
c - Spider Form           Tmut/Pois      15%        N/A       26%         3

Your spell library contained the following spells:

 Spells                   Type           Power      Damage    Failure   Level
 Apportation              Tloc           2%         N/A       43%         1
 Inner Flame              Hex/Fire       1%         N/A       75%         3
 Ice Form                 Ice/Tmut       8%         N/A       82%         4
 Flame Wave               Conj/Fire      1%         2d4       98%         4
 Sticky Flame             Conj/Fire      1%         2d3       98%         4
 Alistair's Intoxication  Tmut/Pois      10%        N/A       85%         5


Dungeon Overview and Level Annotations

Branches:
Dungeon (4/15)
 Temple: D:4-7

Altars:
Yredelemnul


Innate Abilities, Weirdness & Mutations

You are a venomous arachnid creature.
You have venomous fangs.
You are tiny and dextrous.
Your spellcasting is less reliable in this form.
Your armour is entirely melded.
You are incapable of wielding weapons or throwing items.
You cannot wear most types of armour.
((You are amphibious.))
You can wear up to eight rings at the same time.
((Your skin changes colour to match your surroundings (Stealth+).))
((Your rubbery body absorbs attacks. (AC +1, EV +1)))
((You are camouflaged when in or above water. (Stealth+)))
((You have tentacles for arms and can constrict up to eight enemies at once.))


Message History

You kill the dart slug!
You see here a dart slug corpse.
There is an open door here.
You hear the quick hiss of a very distant avalanche of sand.
You now have 173 gold pieces (gained 15).
Your tentacle spike disappears.
h - 4 scrolls labelled RUUBAU YDUSYST (gained 1)
Found a stone staircase leading up.
Found a scroll labelled YDOMPUP XUNNONE.
A kobold comes into view. It is wielding a +0 club.
You tentacle-slap the kobold. Your grab misses the kobold.
You squeeze the kobold.
You kill the kobold!
Things that are here:
a +0 club; 3 stones
Found an escape hatch in the floor.
An endoplasm comes into view.
Found a stone staircase leading down. 2 wights come into view.
Casting: Beastly Appendage (safe; 3% risk of failure)
Confirm with . or Enter, or press ? or * to list all spells.
One of your tentacles grows a vicious spike.
The wight hits you with a +2 war axe!
Casting: Beastly Appendage (safe; 3% risk of failure)
Confirm with . or Enter, or press ? or * to list all spells.
Your tentacle spike disappears.
You turn into a venomous arachnid creature.
The endoplasm quivers.
The wight hits you with a +2 war axe!
You hit the wight.
The wight is moderately damaged.
The wight hits you with a +2 war axe.
You hit the wight.
The wight is heavily damaged.
The wight hits you with a +2 war axe.
* * * LOW HITPOINT WARNING * * *
The wight hits you with a +1 war axe!
* * * LOW HITPOINT WARNING * * *
You feel drained.
You die...

############...<.
#...>............
#................
#................
#...........)....
#................
#................
###................
#.s#+##############
......Jzz.##...###...###
.......>..#z....#.###.#.
...........# #...#...#
###+###....#####...#...#
#.z..#...#...#...#
....#.z...#.###.#.
....##...###...###
#.###.#.....#


You could see 3 wights and an endoplasm.

Vanquished Creatures
  A sky beast (D:4)
  An ogre (D:4)
  2 hounds (D:4)
  An iguana (D:4)
  A gnoll (D:1)
  3 adders
  4 worms
  2 dart slugs
  3 orcs (D:3)
  4 ball pythons
  7 endoplasms
  6 giant cockroaches
  13 goblins
  7 hobgoblins
  11 kobolds
  3 quokkas
  4 bats
  4 frilled lizards
  5 rats
82 creatures vanquished.

Notes
Turn   | Place    | Note
-------+----------+-------------------------------------------
     0 | D:1      | GabrielManson the Octopode Transmuter began the quest for
                  | the Orb.
     0 | D:1      | Reached XP level 1. HP: 13/13 MP: 3/3
   157 | D:1      | Reached XP level 2. HP: 13/18 MP: 5/5
   445 | D:2      | Found a faded altar of an unknown god.
   475 | D:2      | Learned a level 2 spell: Wereblood
   530 | D:2      | Found a basalt altar of Yredelemnul.
   711 | D:2      | Reached XP level 3. HP: 20/23 MP: 0/6
   853 | D:2      | Learned a level 3 spell: Spider Form
  1062 | D:2      | Reached skill level 1 in Stealth
  1309 | D:1      | Reached XP level 4. HP: 23/28 MP: 5/7
  2458 | D:3      | Reached skill level 1 in Poison Magic
  2793 | D:3      | Reached XP level 5. HP: 27/33 MP: 8/8
  3130 | D:4      | Noticed a sky beast
  3148 | D:4      | Killed a sky beast
  3194 | D:4      | Reached XP level 6. HP: 31/38 MP: 7/9
  3659 | D:4      | Slain by a wight

Illustrated notes

Levels and vault maps discovered:
D:1:      dpeg_arrival_rooms_a, layout_basic, serial_forest,
          infiniplex_forest_lined_room_2, infiniplex_forest_clump_long,
          infiniplex_forest_straight_3, infiniplex_forest_lined_corner,
          infiniplex_forest_zigzag_2, ebering_dispersal_statue_hall,
          chequers_serial_rivers_micro_b, chequers_serial_rivers_micro_c
D:2:      minmay_razor_zed, layout_basic, basic_altar,
          hellmonk_ecumenical_altar_blasted
D:3:      layout_loops_ring
D:4:      nicolae_cairo_tiling, layout_gridville, nicolae_ossuary_entry_monument

Skill      XL: |  1  2  3  4  5  6 |
---------------+-------------------+-----
Unarmed Combat | 4 |  4.1
Stealth        | 1 |  1.1
Poison Magic   | 1 3 4 |  4.3
Transmutations | 3 4 |  4.5
Fighting       | |  1.1
Dodging        | |  2.1
Spellcasting   | |  2.5

Action                     |  1- 3 |  4- 6 || total
---------------------------+-------+-------++-------
  Melee: Unarmed           |   148 |   118 ||   266
         Constrict         |    17 |    23 ||    40
         Tentacles         |    43 |    30 ||    73
         Punch             |    10 |     9 ||    19
         Kick              |     8 |    16 ||    24
   Cast: Beastly Appendage |     7 |    11 ||    18
         Wereblood         |     3 |     4 ||     7
         Spider Form       |       |     3 ||     3
   Stab: Sleeping          |     4 |     7 ||    11
 Armour: Skin              |     8 |     3 ||    11
  Dodge: Dodged            |    45 |    64 ||   109

Table legend: (Time is in decaauts)
 A = Elapsed time spent in this place.
 B = Non-inter-level travel time spent in this place.
 C = Inter-level travel time spent in this place.
 D = Time resting spent in this place.
 E = Time spent auto-exploring this place.
 F = Levels seen in this place.
 G = Mean time per level.
                   A        B        C        D        E       F      G
               +--------+--------+--------+--------+--------+-----+--------+
         Total |   3639 |   3493 |    146 |    672 |   1689 |   4 |  909.8 |
       Dungeon |   3639 |   3493 |    146 |    672 |   1689 |   4 |  909.8 |
               +--------+--------+--------+--------+--------+-----+--------+

Top non-repeatable levels by time:
     D:1: 1378 daAuts
     D:2: 890 daAuts
     D:3: 819 daAuts
     D:4: 550 daAuts
